[Event "Titled Tuesday Blitz July 4 Early 2023"]
[White "Kovacevic, Radmila"]
[Black "Fonseca Manrique, Enrique"]
[WhiteFideId "933171"]
[BlackFideId "5114330"]
[WhiteElo "2203"]
[BlackElo "2546"]
[Result "1-0"]
[Round "2"]
[TimeControl "180+2"]
[Date "2023.07.04"]
[WhiteClock "0:00:08"]
[BlackClock "0:00:08"]
[Board "126"]

1. e4 c5 2. Nf3 e6 3. d4 cxd4 4. Nxd4 Nc6 5. Nc3 Qc7 6. Be3 a6 7. a3 b5 8. Bd3 Bb7 9. O-O Ne5 10. f4 Nc4 11. Bc1 Bc5 12. Bxc4 bxc4 13. Be3 Nf6 14. e5 Nd5 15. Nxd5 Bxd5 16. Qg4 g6 17. c3 h5 18. Qh3 Rb8 19. Rf2 Rb6 20. Rd1 Qb7 21. Rdd2 Be4 22. Qh4 Be7 23. Qg3 h4 24. Qg4 h3 25. gxh3 Rh4 26. Qg3 Rh5 27. Nf3 Rb5 28. Ng5 Bxg5 29. fxg5 Rd5 30. h4 Bf5 31. Bd4 Qb3 32. Rxf5 exf5 33. Kg2 Qb5 34. Qf4 Qc6 35. Kg3 Qe6 36. Rf2 Rb5 37. Qf3 Qc6 38. Qf4 Ke7 39. Re2 Qd5 40. Kh3 Qe6 41. Kg3 Rh8 42. Qe3 Rhb8 43. Bc5+ Ke8 44. Bd6 R8b7 45. Qf2 Qd5 46. h5 gxh5 47. Qxf5 Qd3+ 48. Qf3 Rxb2 49. Re3 Qg6 50. h4 Rd2 51. Qxb7 1-0


[Site "https://www.chess.com"]

[Event "Titled Tuesday Blitz July 4 Early 2023"]
[White "Bilan, Danila"]
[Black "Tahbaz, Arash"]
[WhiteFideId "24161918"]
[BlackFideId "12528846"]
[WhiteElo "2536"]
[BlackElo "3030"]
[Result "0-1"]
[Round "2"]
[TimeControl "180+2"]
[Date "2023.07.04"]
[WhiteClock "0:00:00"]
[BlackClock "0:00:54"]
[Board "127"]

1. d4 Nf6 2. Nf3 g6 3. Bg5 Bg7 4. c3 O-O 5. Nbd2 d6 6. e4 Nbd7 7. Bc4 h6 8. Bh4 e5 9. dxe5 dxe5 10. O-O Qe7 11. Qc2 c6 12. a4 b6 13. Rfe1 Bb7 14. Nf1 Nc5 15. b4 Ncd7 16. Ne3 a6 17. b5 axb5 18. axb5 cxb5 19. Bxb5 Qc5 20. Bd3 Rxa1 21. Rxa1 Rc8 22. c4 Nh5 23. Nd5 Bxd5 24. exd5 e4 25. Bxe4 Bxa1 26. Bxg6 fxg6 27. Qxg6+ Ng7 28. g4 Qxc4 0-1


[Site "https://www.chess.com"]

[Event "Titled Tuesday Blitz July 4 Early 2023"]
[White "Andreikin, Dmitry"]
[Black "Marin Masis, Jose Esteban"]
[WhiteFideId "4158814"]
[BlackFideId "6508146"]
[WhiteElo "2986"]
[BlackElo "2112"]
[Result "1-0"]
[Round "2"]
[TimeControl "180+2"]
[Date "2023.07.04"]
[WhiteClock "0:02:17"]
[BlackClock "0:00:06"]
[Board "128"]

1. e4 c5 2. Nc3 Nc6 3. Nge2 g6 4. g3 Bg7 5. Bg2 d6 6. O-O e6 7. d4 cxd4 8. Nb5 Nge7 9. Nexd4 Nxd4 10. Nxd4 O-O 11. Nb5 d5 12. exd5 Nxd5 13. c4 Nb6 14. Qe2 Qe7 15. Rd1 a6 16. Nd6 Rd8 17. Bf4 e5 18. Nxc8 Raxc8 19. Rxd8+ Rxd8 20. Be3 Qb4 21. b3 e4 22. Rd1 Rxd1+ 23. Qxd1 Bf6 24. Bxe4 Qe7 25. Bg2 Nc8 26. Qd5 b6 27. Qa8 Qd7 28. Bb7 Qd1+ 29. Kg2 1-0


[Site "https://www.chess.com"]

[Event "Titled Tuesday Blitz July 4 Early 2023"]
[White "Eljanov, Pavel"]
[Black "Ladan, Nicholas"]
[WhiteFideId "14102951"]
[BlackFideId "30918855"]
[WhiteElo "2932"]
[BlackElo "2420"]
[Result "1-0"]
[Round "2"]
[TimeControl "180+2"]
[Date "2023.07.04"]
[WhiteClock "0:00:09"]
[BlackClock "0:00:00"]
[Board "129"]

1. g3 d5 2. Bg2 Bg4 3. h3 Bh5 4. f4 e6 5. c4 c6 6. Qb3 Qb6 7. Nc3 Bc5 8. Na4 Qxb3 9. axb3 Nd7 10. cxd5 cxd5 11. f5 exf5 12. Bxd5 O-O-O 13. Nxc5 Nxc5 14. Bc4 b5 15. d4 bxc4 16. dxc5 cxb3 17. Rxa7 Nf6 18. Bg5 Rhe8 19. Bxf6 gxf6 20. g4 fxg4 21. hxg4 Bxg4 22. Rxh7 Be6 23. Nf3 Kb8 24. Ra5 Bc4 25. Rh2 Rd5 26. Nd2 1-0


[Site "https://www.chess.com"]

[Event "Titled Tuesday Blitz July 4 Early 2023"]
[White "Shimanov, Aleksandr"]
[Black "Disconzi da Silva, Rodrigo"]
[WhiteFideId "4198603"]
[BlackFideId "2100991"]
[WhiteElo "2915"]
[BlackElo "2420"]
[Result "1-0"]
[Round "2"]
[TimeControl "180+2"]
[Date "2023.07.04"]
[WhiteClock "0:01:47"]
[BlackClock "0:00:57"]
[Board "130"]

1. d4 e6 2. c4 f5 3. g3 Nf6 4. Bg2 d5 5. Nc3 Be7 6. Nh3 Ne4 7. O-O c6 8. Qc2 O-O 9. Nxe4 fxe4 10. f3 Bf6 11. Be3 exf3 12. exf3 Na6 13. Rad1 Kh8 14. f4 Nc7 15. b3 Bd7 16. Rfe1 Qe8 17. Nf2 Qh5 18. Nd3 Rae8 19. Bf2 Re7 20. Ne5 Be8 21. Qd2 Bg6 22. g4 1-0


[Site "https://www.chess.com"]

[Event "Titled Tuesday Blitz July 4 Early 2023"]
[White "Molina, Roberto Junio Brito"]
[Black "Fisabilillah, Ummi"]
[WhiteFideId "2109450"]
[BlackFideId "7104804"]
[WhiteElo "2856"]
[BlackElo "2419"]
[Result "1-0"]
[Round "2"]
[TimeControl "180+2"]
[Date "2023.07.04"]
[WhiteClock "0:01:06"]
[BlackClock "0:00:17"]
[Board "131"]

1. d4 Nf6 2. e3 d6 3. Nf3 g6 4. b3 Bg7 5. Bb2 O-O 6. Be2 Nbd7 7. Na3 c5 8. O-O b6 9. c4 Bb7 10. d5 Ne8 11. Bxg7 Nxg7 12. e4 a6 13. Nb1 Qc7 14. Nc3 Bc8 15. Ne1 f5 16. f4 fxe4 17. Nxe4 Nf5 18. Bd3 Ne3 19. Qe2 Nxf1 20. Qxf1 Nf6 21. Ng5 Bd7 22. Qe2 Rae8 23. Nef3 Qc8 24. Re1 Bg4 25. h3 Bd7 26. g4 Qb7 27. Ne6 Bxe6 28. Qxe6+ Kg7 29. Ng5 h6 30. Nf3 Qd7 31. Qe2 Nxg4 32. hxg4 Qxg4+ 33. Qg2 Rxf4 34. Re6 Qxg2+ 35. Kxg2 Rf6 36. Re3 e5 37. Nd2 Rd8 38. Rg3 g5 39. Ne4 Rf4 40. a4 Kf7 41. Rh3 Kg7 42. Ng3 Rd4 43. Nf5+ Kf7 44. Nxd4 exd4 45. Rxh6 Ke7 46. Rg6 Rf8 47. Rxg5 Rf4 48. Kg3 Rf6 49. Rg7+ Kd8 50. Rg6 Ke7 51. Rxf6 Kxf6 52. Kf4 Kf7 53. Kf5 Ke7 54. Kg6 Kd7 55. Kf6 Kc7 56. Ke7 1-0


[Site "https://www.chess.com"]

[Event "Titled Tuesday Blitz July 4 Early 2023"]
[White "Bharath Subramaniyam H"]
[Black "Mazurkiewicz, Michal"]
[WhiteFideId "46634827"]
[BlackFideId "1124943"]
[WhiteElo "2829"]
[BlackElo "2417"]
[Result "1-0"]
[Round "2"]
[TimeControl "180+2"]
[Date "2023.07.04"]
[WhiteClock "0:00:36"]
[BlackClock "0:00:00"]
[Board "132"]

1. b3 Nf6 2. Bb2 g6 3. Nf3 Bg7 4. g3 O-O 5. Bg2 d6 6. d4 Nbd7 7. O-O Re8 8. c4 c6 9. Nc3 e5 10. e3 Qe7 11. Ba3 c5 12. Re1 Nf8 13. dxc5 dxc5 14. Nd2 e4 15. Ndxe4 Nxe4 16. Nxe4 b6 17. Nf6+ Qxf6 18. Bxa8 Qxa1 19. Qxa1 Bxa1 20. Rxa1 Bf5 21. Bd5 Nd7 22. Bb2 Ne5 23. Bxe5 Rxe5 24. Rd1 Re7 25. Bc6 Kg7 26. Kf1 Rc7 27. Ba8 Kf6 28. Ke2 h5 29. e4 Be6 30. Ke3 g5 31. Rd8 Rd7 32. Rxd7 Bxd7 33. f4 gxf4+ 34. Kxf4 Bg4 35. e5+ Ke7 36. Bf3 Be6 37. Bxh5 Bc8 38. Bg4 Bb7 39. h4 Bg2 40. h5 Kf8 41. Kg5 Kg7 42. Bf5 1-0


[Site "https://www.chess.com"]

[Event "Titled Tuesday Blitz July 4 Early 2023"]
[White "Mikhailovsky, Vladimir"]
[Black "Streltsov, Alexey"]
[WhiteFideId "34105414"]
[BlackFideId "24104434"]
[WhiteElo "2823"]
[BlackElo "2416"]
[Result "0-1"]
[Round "2"]
[TimeControl "180+2"]
[Date "2023.07.04"]
[WhiteClock "0:00:05"]
[BlackClock "0:01:34"]
[Board "133"]

1. d4 d5 2. c4 e6 3. Nf3 c6 4. Nbd2 f5 5. g3 Bd6 6. Bg2 Nh6 7. O-O Nf7 8. b3 g5 9. Ne1 g4 10. Nd3 h5 11. Re1 Qf6 12. Nf1 Nd7 13. Qc2 h4 14. Qc3 hxg3 15. fxg3 Nc5 16. Qb2 Ne4 17. Bf4 Nfg5 18. Bxd6 Nxd6 19. Nf4 Bd7 20. Rad1 O-O-O 21. Qa3 Nde4 22. Qxa7 Nh3+ 23. Bxh3 gxh3 24. Rc1 Be8 25. cxd5 exd5 26. Ne3 Bf7 27. b4 Nd6 28. Qa8+ Kd7 29. Qa5 Qxd4 30. Qc5 Qe5 31. Red1 Rhe8 32. Nc4 dxc4 33. Qb6 Qe3+ 34. Qxe3 Rxe3 35. Kf2 Ra3 36. Nxh3 Rxa2 37. Nf4 Re8 38. Rd4 Kc7 39. Rcd1 Bd5 40. Nxd5+ cxd5 41. Rxd5 Rexe2+ 42. Kf3 Rf2+ 43. Ke3 Rae2+ 44. Kd4 Rd2+ 45. Kc5 Ne4+ 46. Kxc4 Rxd1 47. Rxd1 Rxh2 48. Kd4 Rd2+ 49. Rxd2 Nxd2 50. Ke5 Nf1 51. Kf4 Nxg3 52. Kxg3 Kc6 53. Kf4 Kb5 54. Kxf5 Kxb4 55. Ke4 Kc3 56. Ke3 b5 57. Ke2 Kc2 0-1


[Site "https://www.chess.com"]

[Event "Titled Tuesday Blitz July 4 Early 2023"]
[White "Svane, Frederik"]
[Black "Bazilius, Augustinas"]
[WhiteFideId "12923044"]
[BlackFideId "12832251"]
[WhiteElo "2821"]
[BlackElo "2414"]
[Result "1-0"]
[Round "2"]
[TimeControl "180+2"]
[Date "2023.07.04"]
[WhiteClock "0:00:54"]
[BlackClock "0:00:06"]
[Board "134"]

1. d4 Nf6 2. Nf3 g6 3. Bf4 Bg7 4. e3 d6 5. Nbd2 O-O 6. c3 Nbd7 7. h3 Re8 8. Bh2 e5 9. dxe5 dxe5 10. Qc2 c6 11. O-O-O Qa5 12. Bc4 b5 13. Bb3 Nc5 14. e4 Qc7 15. Rhe1 a5 16. a3 Nfd7 17. Ba2 b4 18. Nc4 Ba6 19. Nd6 Reb8 20. Bxf7+ Kh8 21. cxb4 axb4 22. Bc4 h6 23. Re3 bxa3 24. bxa3 Bxc4 25. Qxc4 Qb6 26. Kd2 Rxa3 27. Rxa3 Qb2+ 28. Ke1 Qxa3 29. Nf7+ Kh7 30. N7xe5 Nxe5 31. Bxe5 Re8 32. Qf7 Qb4+ 33. Kf1 Rg8 34. Rd6 Nxe4 35. Qxg6+ Kh8 36. Qxh6# 1-0


[Site "https://www.chess.com"]

[Event "Titled Tuesday Blitz July 4 Early 2023"]
[White "Molenda, Marcin"]
[Black "Hambleton, Aman"]
[WhiteFideId "1173065"]
[BlackFideId "2606577"]
[WhiteElo "2414"]
[BlackElo "2787"]
[Result "1-0"]
[Round "2"]
[TimeControl "180+2"]
[Date "2023.07.04"]
[WhiteClock "0:01:05"]
[BlackClock "0:00:00"]
[Board "135"]

1. e4 b6 2. d4 Bb7 3. f3 e6 4. c4 Bb4+ 5. Bd2 Bxd2+ 6. Qxd2 d6 7. Nc3 Nd7 8. Bd3 h6 9. Nge2 Qg5 10. O-O-O Qxd2+ 11. Rxd2 Ne7 12. h4 g6 13. Rf1 O-O-O 14. b4 g5 15. Rh1 g4 16. f4 f5 17. g3 Nf6 18. d5 fxe4 19. Nxe4 Nxe4 20. Bxe4 Rde8 21. Nc3 Nf5 22. Bxf5 exf5 23. Kc2 Re3 24. Rd3 Rhe8 25. Rhd1 R3e7 26. Nb5 Re2+ 27. R1d2 R8e3 28. Nd4 Rxd3 29. Kxd3 Re1 30. Nxf5 Kd8 31. Nxh6 Bc8 32. f5 Ra1 33. Rf2 Ke7 34. Nxg4 Rc1 35. h5 Rd1+ 36. Kc2 Rh1 37. h6 Kf7 38. Kd3 Bd7 39. Ke4 Re1+ 40. Kf4 Rc1 41. Kg5 Rxc4 42. Rh2 Rd4 43. h7 Rxd5 44. h8=Q Rxf5+ 45. Kh4 Ke6 46. Qg8+ 1-0


[Site "https://www.chess.com"]

[Event "Titled Tuesday Blitz July 4 Early 2023"]
[White "realmadridfc123"]
[Black "Vivas Zamora, Fabian Ernesto"]
[BlackFideId "3902480"]
[WhiteElo "2766"]
[BlackElo "2413"]
[Result "0-1"]
[Round "2"]
[TimeControl "180+2"]
[Date "2023.07.04"]
[WhiteClock "0:01:04"]
[BlackClock "0:00:10"]
[Board "136"]

1. c4 Nf6 2. Nc3 c5 3. Nf3 d5 4. cxd5 Nxd5 5. g3 Nc6 6. Bg2 Nc7 7. O-O e5 8. d3 Be7 9. Be3 Bd7 10. Rc1 Rc8 11. a3 O-O 12. Na2 b6 13. b4 cxb4 14. Nxb4 Nxb4 15. axb4 f6 16. Qb3+ Be6 17. Qa4 Nd5 18. Bd2 Qd6 19. b5 Qd7 20. Ra1 Rc7 21. e4 Nc3 22. Bxc3 Rxc3 23. d4 exd4 24. Nxd4 Rc4 25. Qxa7 Rxd4 26. Qxb6 Qd6 27. Qa7 Bc4 28. Rfb1 Bd3 29. Rd1 Qc5 30. Qa2+ Kh8 31. Qb2 Rb8 32. Rac1 Rc4 33. Ra1 Bxe4 34. Bf1 Rc2 35. Qd4 Qxd4 36. Rxd4 Bf3 37. Rf4 Bd5 38. Rd1 Bb7 39. Rd7 Bc5 40. Rc7 Bxf2+ 41. Rxf2 Rxc7 42. Rd2 Be4 43. Rd4 f5 44. Rd6 h6 45. Rd2 Rcb7 46. Rb2 Kh7 47. Kf2 Rb6 48. Rb4 Rc8 49. g4 Rc2+ 50. Kg3 Rc3+ 51. Kf4 Rf3+ 52. Ke5 Rxf1 53. Rb3 Bc2 54. Rb2 Bd3 55. Kd4 Rxb5 56. Rd2 Be4 57. gxf5 Bxf5 58. Kc4 Re5 59. Kd4 Re4+ 0-1


[Site "https://www.chess.com"]

[Event "Titled Tuesday Blitz July 4 Early 2023"]
[White "Ashraf, Artin"]
[Black "PresidentLoek"]
[WhiteFideId "22514805"]
[WhiteElo "2751"]
[BlackElo "2411"]
[Result "1-0"]
[Round "2"]
[TimeControl "180+2"]
[Date "2023.07.04"]
[WhiteClock "0:00:14"]
[BlackClock "0:00:03"]
[Board "137"]

1. e4 g6 2. Nf3 Bg7 3. d4 d6 4. c3 Nf6 5. Nbd2 O-O 6. Bd3 e5 7. O-O c6 8. Re1 Re8 9. b3 Bg4 10. Bb2 a5 11. a4 Nbd7 12. h3 Bxf3 13. Nxf3 Qc7 14. Qc2 Nf8 15. dxe5 dxe5 16. Bc4 Ne6 17. Ba3 Nf4 18. Ng5 h6 19. Nf3 Rad8 20. Kh2 Nd7 21. g3 Ne6 22. h4 g5 23. hxg5 Nxg5 24. Nh4 Nf6 25. Bc1 Bf8 26. Nf5 Kh7 27. Kg2 Kg6 28. Rh1 Rd7 29. Bxg5 hxg5 30. Qe2 Red8 31. Rh8 Rd2 32. Rah1 g4 33. R8h6+ Bxh6 34. Rxh6+ Kg5 35. Qe3# 1-0


[Site "https://www.chess.com"]

[Event "Titled Tuesday Blitz July 4 Early 2023"]
[White "KorolDimitriy75"]
[Black "Cugimura97"]
[WhiteElo "2405"]
[BlackElo "2699"]
[Result "1-0"]
[Round "2"]
[TimeControl "180+2"]
[Date "2023.07.04"]
[WhiteClock "0:00:13"]
[BlackClock "0:00:43"]
[Board "138"]

1. d4 d5 2. c4 c6 3. Nc3 Nf6 4. e3 Bf5 5. Bd3 Bg6 6. Nf3 e6 7. O-O Nbd7 8. Qe2 Be7 9. Bxg6 hxg6 10. e4 dxe4 11. Nxe4 Nxe4 12. Qxe4 Nf6 13. Qe2 O-O 14. Bg5 Qa5 15. b3 Rfe8 16. Rad1 Rad8 17. Rd3 c5 18. Rfd1 cxd4 19. Rxd4 Rxd4 20. Rxd4 e5 21. Nxe5 Qxe5 22. Qxe5 Bd6 23. Qxe8+ Nxe8 24. Bf4 Bxf4 25. Rxf4 Kf8 26. Rd4 Ke7 27. f3 Nc7 28. Kf2 a5 29. Ke3 b6 30. a3 Na6 31. Rd5 Nc7 32. Rd1 g5 33. b4 axb4 34. axb4 f6 35. Ra1 f5 36. Ra7 Kd6 37. g3 Ne6 38. f4 gxf4+ 39. gxf4 g5 40. fxg5 Nxg5 41. Rg7 Ne6 42. Rg6 Ke5 43. Rxe6+ Kxe6 44. Kf4 1-0


[Site "https://www.chess.com"]

[Event "Titled Tuesday Blitz July 4 Early 2023"]
[White "Tinmaz, Kerem"]
[Black "Nouri, Alekhine"]
[WhiteFideId "44559151"]
[BlackFideId "5216184"]
[WhiteElo "2405"]
[BlackElo "2693"]
[Result "0-1"]
[Round "2"]
[TimeControl "180+2"]
[Date "2023.07.04"]
[WhiteClock "0:00:01"]
[BlackClock "0:00:24"]
[Board "139"]

1. e4 c5 2. Nc3 g6 3. d4 cxd4 4. Qxd4 Nf6 5. Nf3 Nc6 6. Qa4 d6 7. e5 dxe5 8. Nxe5 Bd7 9. Nxd7 Qxd7 10. Be3 Bg7 11. Rd1 Qg4 12. h3 Qxa4 13. Nxa4 O-O 14. g3 Rfd8 15. Bg2 Rxd1+ 16. Kxd1 Rd8+ 17. Kc1 Nd5 18. Nc5 b6 19. Nb7 Rd7 20. Rd1 Nxe3 21. Rxd7 Nxg2 22. Rc7 Nd4 23. Rxe7 Bf6 24. Rd7 Ne1 25. c3 Ne6 26. Nd6 Nc5 27. Rxf7 Be5 28. Re7 Bxd6 29. Rxe1 Nd3+ 0-1


[Site "https://www.chess.com"]

[Event "Titled Tuesday Blitz July 4 Early 2023"]
[White "Rios Escobar, Adan"]
[Black "Amilal Munkhdalai"]
[WhiteFideId "3403645"]
[BlackFideId "4903250"]
[WhiteElo "2401"]
[BlackElo "2688"]
[Result "0-1"]
[Round "2"]
[TimeControl "180+2"]
[Date "2023.07.04"]
[WhiteClock "0:00:00"]
[BlackClock "0:00:31"]
[Board "140"]

1. d4 Nf6 2. g3 d5 3. Nf3 Bf5 4. c4 c6 5. Nc3 e6 6. Nh4 Bg4 7. h3 Bh5 8. g4 Bg6 9. Qb3 Qc7 10. Bf4 Qxf4 11. Qxb7 Ne4 12. Nxe4 Bxe4 13. Bg2 Bxg2 14. Nxg2 Qxd4 15. Qxa8 Bb4+ 16. Kf1 O-O 17. Qb7 Qxc4 18. Ne3 Qe4 19. f3 Qf4 20. Ng2 Qd6 21. Rc1 Bc5 22. e3 Nd7 23. b4 Bb6 24. Qxc6 Qg3 25. Qxd7 Qxf3+ 26. Kg1 Qg3 0-1


[Site "https://www.chess.com"]

[Event "Titled Tuesday Blitz July 4 Early 2023"]
[White "Antonio, Rogelio Jr"]
[Black "Kuznetsov, Mikhail"]
[WhiteFideId "5200032"]
[BlackFideId "4117190"]
[WhiteElo "2681"]
[BlackElo "2400"]
[Result "1-0"]
[Round "2"]
[TimeControl "180+2"]
[Date "2023.07.04"]
[WhiteClock "0:00:16"]
[BlackClock "0:00:00"]
[Board "141"]

1. e4 c6 2. Nf3 d5 3. Nc3 a6 4. a3 Bg4 5. h3 Bh5 6. Be2 e6 7. d4 Nf6 8. Ne5 Bxe2 9. Qxe2 Nbd7 10. Nf3 Nb8 11. O-O Be7 12. Rd1 O-O 13. b4 b5 14. Bb2 a5 15. bxa5 Qxa5 16. Ne5 Qc7 17. Rd3 Nbd7 18. Rg3 Nxe5 19. dxe5 Qxe5 20. Nxd5 Qxb2 21. Nxe7+ Kh8 22. Rd1 Rxa3 23. Rxa3 Qxa3 24. Nxc6 Qc5 25. Nd4 Qc4 26. Qxc4 bxc4 27. Re1 Rd8 28. c3 h5 29. f3 Ra8 30. Rb1 Ra3 31. Nb5 Ra2 32. Nd6 Rc2 33. Nxf7+ Kg8 34. Ng5 Kf8 35. Nxe6+ Kf7 36. Nf4 Rxc3 37. Rb7+ Kf8 38. e5 Ne8 39. Ng6+ Kg8 40. e6 Re3 41. Re7 Nf6 42. Nf4 1-0


[Site "https://www.chess.com"]

[Event "Titled Tuesday Blitz July 4 Early 2023"]
[White "Novikova, Galina"]
[Black "Andrej2004"]
[WhiteFideId "4157095"]
[WhiteElo "2398"]
[BlackElo "2668"]
[Result "0-1"]
[Round "2"]
[TimeControl "180+2"]
[Date "2023.07.04"]
[WhiteClock "0:00:24"]
[BlackClock "0:01:47"]
[Board "142"]

1. e4 b6 2. d4 Bb7 3. Bg5 g6 4. Nc3 h6 5. Be3 Bg7 6. f3 d6 7. Qd2 e5 8. O-O-O Nd7 9. g4 Ngf6 10. h4 a6 11. Nh3 exd4 12. Bxd4 Qe7 13. g5 hxg5 14. hxg5 Nh5 15. Bxg7 Nxg7 16. Bc4 O-O-O 17. Nd5 Qe5 18. f4 Qxe4 19. b3 Nf5 20. Rhe1 Qf3 21. Ng1 Qg3 22. Ne2 Qf2 23. Rf1 Qc5 24. Rf3 b5 25. Nxc7 bxc4 26. Rc3 Qxc7 27. Rxc4 Nc5 28. b4 Kb8 29. bxc5 dxc5 30. Qc3 Rxd1+ 31. Kxd1 Rh1+ 32. Kd2 Qd6+ 0-1


[Site "https://www.chess.com"]

[Event "Titled Tuesday Blitz July 4 Early 2023"]
[White "Cruz, William Ferreira Da"]
[Black "Agibileg, Uurtsaikh"]
[WhiteFideId "2118050"]
[BlackFideId "4901606"]
[WhiteElo "2397"]
[BlackElo "2662"]
[Result "0-1"]
[Round "2"]
[TimeControl "180+2"]
[Date "2023.07.04"]
[WhiteClock "0:00:17"]
[BlackClock "0:01:29"]
[Board "143"]

1. d4 Nf6 2. c4 g6 3. Nc3 Bg7 4. e4 d6 5. Nf3 O-O 6. Be2 e5 7. O-O Nc6 8. d5 Ne7 9. b4 Nd7 10. Be3 f5 11. Ng5 Nf6 12. f3 h6 13. Ne6 Bxe6 14. dxe6 c6 15. b5 Re8 16. bxc6 Nxc6 17. Rb1 Rb8 18. c5 Nd4 19. cxd6 Qxd6 20. exf5 gxf5 21. Nb5 Qxe6 22. Bxd4 exd4 23. Nxd4 Qe3+ 24. Kh1 Rbd8 25. Bc4+ Kh8 26. Nxf5 Rxd1 27. Nxe3 Rxb1 28. Rxb1 Rxe3 29. h3 b6 30. a4 Nh5 31. Rd1 Ng3+ 32. Kh2 Be5 33. Rd8+ Kg7 34. h4 Ne4+ 35. Kg1 Re1+ 36. Bf1 Ng3 0-1


[Site "https://www.chess.com"]

[Event "Titled Tuesday Blitz July 4 Early 2023"]
[White "Saito, Vinicius"]
[Black "Matamoros Franco, Carlos S."]
[WhiteFideId "2113384"]
[BlackFideId "3600017"]
[WhiteElo "2397"]
[BlackElo "2661"]
[Result "1/2-1/2"]
[Round "2"]
[TimeControl "180+2"]
[Date "2023.07.04"]
[WhiteClock "0:00:36"]
[BlackClock "0:00:17"]
[Board "144"]

1. e4 e6 2. d4 d5 3. Nc3 Nf6 4. e5 Nfd7 5. Nce2 c5 6. c3 Nc6 7. Nf3 b5 8. h4 a5 9. Nf4 Ba6 10. a3 h6 11. Bd3 Qb6 12. Be3 cxd4 13. cxd4 b4 14. O-O Bxd3 15. Qxd3 Qa6 16. Rfc1 Qxd3 17. Nxd3 Rc8 18. axb4 Bxb4 19. Nxb4 axb4 20. Ra6 Ndb8 21. Raa1 O-O 22. Nd2 Ne7 23. Nb3 Nf5 24. g3 Rc4 25. Nd2 Rcc8 26. Nb3 h5 27. Kg2 Kh7 28. Ra7 Kg6 29. Rc5 Rxc5 30. Nxc5 Nc6 31. Rb7 Ncxd4 32. Bxd4 Nxd4 33. Rxb4 Nc6 34. Nd7 Nxb4 35. Nxf8+ Kf5 36. f4 Ke4 37. Kf2 Nd3+ 38. Ke2 Nxb2 39. Nd7 d4 40. Nc5+ Kf5 41. Nb7 d3+ 42. Ke3 Kg4 43. Nd6 Kxg3 44. Nxf7 Kxh4 45. Ng5 Kg4 46. Nxe6 d2 47. Kxd2 Kf5 48. Nxg7+ Kxf4 49. Nxh5+ Kxe5 1/2-1/2


[Site "https://www.chess.com"]

[Event "Titled Tuesday Blitz July 4 Early 2023"]
[White "FromTexas54"]
[Black "Zhu, Jiner"]
[BlackFideId "8608059"]
[WhiteElo "2394"]
[BlackElo "2658"]
[Result "0-1"]
[Round "2"]
[TimeControl "180+2"]
[Date "2023.07.04"]
[WhiteClock "0:00:52"]
[BlackClock "0:01:13"]
[Board "145"]

1. d4 g6 2. e4 Bg7 3. Nf3 d6 4. c4 Nf6 5. Nc3 O-O 6. Be2 e5 7. O-O Nc6 8. d5 Ne7 9. b4 a5 10. Ba3 axb4 11. Bxb4 b6 12. a4 Ne8 13. Nd2 f5 14. Nb5 h5 15. exf5 Nxf5 16. Ra3 Nf6 17. a5 bxa5 18. Bxa5 Rxa5 19. Rxa5 c6 20. Ra7 cxb5 21. cxb5 Nd4 22. Bd3 Nxd5 23. Bxg6 Nf4 24. Bxh5 Qg5 25. Ne4 Qxg2# 0-1


[Site "https://www.chess.com"]

[Event "Titled Tuesday Blitz July 4 Early 2023"]
[White "Koziorowicz, Michal"]
[Black "Pesotskiy, Mikhail"]
[WhiteFideId "21809194"]
[BlackFideId "34164453"]
[WhiteElo "2641"]
[BlackElo "2387"]
[Result "1-0"]
[Round "2"]
[TimeControl "180+2"]
[Date "2023.07.04"]
[WhiteClock "0:00:17"]
[BlackClock "0:00:08"]
[Board "146"]

1. e4 e6 2. d4 d5 3. Nd2 Nf6 4. e5 Nfd7 5. f4 c5 6. c3 Nc6 7. Ndf3 Qb6 8. Ne2 cxd4 9. Nfxd4 Nc5 10. g3 f6 11. exf6 gxf6 12. Bg2 Bd7 13. O-O O-O-O 14. Kh1 e5 15. fxe5 fxe5 16. Nf5 Ne4 17. Be3 Qxb2 18. Rb1 Qxa2 19. Qd3 Bxf5 20. Rxf5 Nc5 21. Qb5 a6 22. Qb6 Qxe2 23. Bxc5 Rd7 24. Rxf8+ Rxf8 25. Bxf8 Qc4 26. Bd6 Qxc3 27. h4 Rxd6 28. Bh3+ 1-0


[Site "https://www.chess.com"]

[Event "Titled Tuesday Blitz July 4 Early 2023"]
[White "Le Ruyet, Leopold"]
[Black "Buscar, Michael"]
[WhiteFideId "645923"]
[BlackFideId "2603616"]
[WhiteElo "2640"]
[BlackElo "2385"]
[Result "0-1"]
[Round "2"]
[TimeControl "180+2"]
[Date "2023.07.04"]
[WhiteClock "0:00:50"]
[BlackClock "0:00:36"]
[Board "147"]

1. e4 c5 2. Nf3 Nc6 3. d4 cxd4 4. Nxd4 Nf6 5. Nc3 e5 6. Ndb5 h6 7. Nd5 Nxd5 8. exd5 a6 9. dxc6 axb5 10. cxd7+ Bxd7 11. Be2 Bc6 12. O-O Qc7 13. c3 Be7 14. Qb3 Qb6 15. Be3 Bc5 16. Bxc5 Qxc5 17. a3 O-O 18. Rad1 Ra4 19. Rd2 Rf4 20. Bd1 Rf5 21. Kh1 Rg5 22. f3 e4 23. fxe4 Bxe4 24. Bf3 Qe3 25. Rdf2 Bd3 26. Qd1 Bxf1 27. Rxf1 Re5 28. Qb3 Qf2 29. Qd1 Qxb2 30. Bxb7 Qxc3 31. h3 Qxa3 32. Qd4 Qe7 33. Bd5 Re1 34. Rxe1 Qxe1+ 35. Kh2 b4 36. Ba2 Qc3 37. Qd5 Qc7+ 38. Kh1 Rd8 39. Qb3 Qc1+ 40. Kh2 Qf4+ 41. Kh1 Rc8 0-1


[Site "https://www.chess.com"]

[Event "Titled Tuesday Blitz July 4 Early 2023"]
[White "Makhmudov, Shukhrat"]
[Black "Kamalidenova, Meruert"]
[WhiteFideId "14200775"]
[BlackFideId "13712802"]
[WhiteElo "2385"]
[BlackElo "2637"]
[Result "1/2-1/2"]
[Round "2"]
[TimeControl "180+2"]
[Date "2023.07.04"]
[WhiteClock "0:00:08"]
[BlackClock "0:00:18"]
[Board "148"]

1. e4 e6 2. Nf3 d5 3. e5 c5 4. b4 cxb4 5. a3 bxa3 6. d4 Nc6 7. c3 Nh6 8. Bd3 Be7 9. Nxa3 Nf5 10. h4 Nxh4 11. Nxh4 Bxh4 12. Qg4 Be7 13. Qxg7 Kd7 14. Qxf7 Rf8 15. Qxh7 Qa5 16. Bd2 a6 17. Nc2 Qb6 18. O-O Qc7 19. Ne3 b5 20. Bxb5 Bb7 21. Bxc6+ Bxc6 22. c4 Rh8 23. Qd3 dxc4 24. Qxc4 Rh7 25. f3 Rah8 26. Kf2 Bh4+ 27. g3 Bxg3+ 28. Kxg3 Rh2 29. Ng4 R8h3+ 30. Kf4 Rxd2 31. Nf6+ Ke7 32. Qb4+ Kf7 33. Qxd2 Qb7 34. Qg2 Rh4+ 35. Kg3 Rh6 36. Rab1 Rg6+ 37. Kh3 Qc8 38. Qxg6+ Kxg6 39. Rg1+ Kf5 40. Rg4 Qh8+ 41. Kg3 Qh6 42. Rg1 Qe3 43. Rf1 a5 44. Nh7 a4 45. Rg5+ Qxg5+ 46. Nxg5 Kxg5 47. f4+ Kf5 48. Kf2 Kxf4 49. Ke2+ Ke4 50. Kd2 Kxd4 51. Re1 a3 52. Kc2 Bd5 53. Ra1 a2 54. Re1 Kc5 55. Kb2 Kd4 56. Re2 Kc5 57. Re1 Kd4 58. Re2 Kd3 59. Re1 Kd2 60. Rg1 Ke2 61. Rg3 Kf2 62. Rd3 Bc4 63. Rc3 Bd5 64. Rd3 Bc4 65. Rd4 Bb3 66. Rd3 Bc4 1/2-1/2


[Site "https://www.chess.com"]